 Dungeon Crawl Stone Soup version 0.20.0-14-g326068f (webtiles) character file.

183 anfisbena the Slasher (level 5, -4/41 HPs)
             Began as a Demonspawn Abyssal Knight on June 8, 2017.
             Was a Believer of Lugonu.
             Killed from afar by an orc wizard (7 damage)
             ... with a magic dart
             ... on level 3 of the Dungeon.
             The game lasted 00:04:41 (3138 turns).

anfisbena the Slasher (Demonspawn Abyssal Knight)   Turns: 3138, Time: 00:04:42

Health: -4/41      AC:  7    Str: 13    XL:     5   Next: 35%
Magic:  6/6        EV: 13    Int: 13    God:    Lugonu [**....]
Gold:   171        SH:  0    Dex: 13    Spells: 4/4 levels left

rFire    . . .     SeeInvis .   a - +1 falchion
rCold    . . .     Gourm    .   (no shield)
rNeg     . . .     Faith    .   b - +0 leather armour
rPois    .         Spirit   .   (no helmet)
rElec    .         Reflect  .   (no cloak)
rCorr    .         Harm     .   y - +0 pair of gloves
MR       .....                  (no boots)
Stlth    +.........             (no amulet)
Regen    0.2/turn               w - +2 ring of evasion
MPRegen  0.1/turn               (no ring)

@: no status effects
A: hooves 1, slimy green scales 2
a: Depart the Abyss, Bend Space, Renounce Religion


You were on level 3 of the Dungeon.
You worshipped Lugonu.
Lugonu was pleased with you.
You were hungry.

You visited 1 branch of the dungeon, and saw 3 of its levels.
You visited the Abyss 1 time.

You collected 171 gold pieces.

Inventory:

Hand Weapons
 a - a +1 falchion (weapon)
Armour
 b - a +0 leather armour (worn)
 y - a +0 pair of gloves (worn)
Jewellery
 w - a +2 ring of evasion (left hand)
Scrolls
 d - a scroll of magic mapping {unknown}
 h - a scroll of noise {unknown}
 l - 2 scrolls of fear
 p - 2 scrolls of remove curse
 s - a scroll of immolation {unknown}
 x - a scroll of recharging {unknown}
Potions
 g - a potion of degeneration {unknown}
 i - 2 potions of mutation
 j - 3 potions of haste
 k - a potion of heal wounds {unknown}
 m - a potion of brilliance {unknown}
 n - 3 potions of curing
 o - a potion of magic
 r - a potion of resistance {unknown}
 u - a potion of might {unknown}
Comestibles
 c - 5 bread rations
 f - a meat ration
 q - a chunk of flesh
 t - 2 fruits


   Skills:
 - Level 3.0 Fighting
 + Level 5.1 Long Blades
 - Level 1.7 Armour
 - Level 0.8 Dodging
 - Level 2.4 Invocations


You had 4 spell levels left.
You didn't know any spells.

Dungeon Overview and Level Annotations

Branches:
Dungeon (3/15)

Altars:
Cheibriados
Okawaru


Innate Abilities, Weirdness & Mutations

You have large cloven feet.
You are mostly covered in slimy green scales. (AC +3)


Message History

The orc wizard gestures at you while chanting.
The magic dart hits you!
* * * LOW HITPOINT WARNING * * *
It was a potion of magic.
Magic courses through your body.
The orc wizard hits you but does no damage.
You are feeling hungry.
You slash the orc wizard!
The orc wizard is severely wounded.
The orc wizard gestures at you while chanting.
The magic dart hits you!
* * * LOW HITPOINT WARNING * * *
You closely miss the orc wizard.
The orc wizard is severely wounded.
The orc wizard barely misses you. The orc wizard completely misses you.
You hit the orc wizard but do no damage.
Your kick misses the orc wizard.
The orc wizard is severely wounded.
The orc wizard casts a spell at you. The magic dart hits you!
You die...

.###.#.##...<.#.##.# #.)
.....#.########.##.# #.#
..#..#.## ##.##.# #.#
....##..######..##.# #.#
............##.###.# #.#
####.P#+##..##.# #.# #.#
...#..# #..##.# #.# #.#
..['..# #P.##.###.####.###
####..####P..(.o@.........#
........)...(#########.##.#
.⌠...........# #.##.#
...##+##..P.)# #.##.###
#### ####..# #.##...# #
#..# #.####.# # #..# #.#
#.# ##### #..# ..# #.#
...... ...# ### #.#


You could see an orc wizard.

Vanquished Creatures
  A bullfrog skeleton (D:3)
  A worker ant (D:3)
  A gnoll (D:2)
  2 adders (D:2)
  An ufetubus (Abyss:1)
  3 worms
  4 dart slugs
  2 leopard geckos
  8 orcs
  A giant cockroach (D:1)
  13 goblins
  11 hobgoblins
  9 bats
  A frilled lizard (D:2)
  7 kobolds
  5 rats
70 creatures vanquished.

Vanquished Creatures (others)
  A plant (D:1)
1 creature vanquished.

Grand Total: 71 creatures vanquished

Notes
Turn   | Place    | Note
-------+----------+-------------------------------------------
     0 | Abyss:1  | anfisbena the Demonspawn Abyssal Knight began the quest for the Orb.
     0 | Abyss:1  | Reached XP level 1. HP: 18/18 MP: 2/2
    84 | Abyss:1  | Reached skill level 2 in Long Blades
    95 | Abyss:1  | Noticed a hell hog
   111 | Abyss:1  | Noticed a large abomination
   122 | D:1      | Escaped the Abyss
   254 | D:1      | Gained mutation: You have large cloven feet. [demonic ancestry]
   254 | D:1      | Reached XP level 2. HP: 23/24 MP: 3/3
   330 | D:1      | Reached * piety under Lugonu
   342 | D:1      | Reached skill level 3 in Long Blades
   741 | D:1      | Gained mutation: You are partially covered in slimy green scales. (AC +2) [demonic ancestry]
   741 | D:1      | Reached XP level 3. HP: 23/29 MP: 4/4
  1708 | D:2      | Reached XP level 4. HP: 35/35 MP: 5/5
  1895 | D:2      | Found an iron altar of Okawaru.
  1904 | D:2      | Reached skill level 4 in Long Blades
  2121 | D:3      | Reached ** piety under Lugonu
  2358 | D:3      | Gained mutation: You are mostly covered in slimy green scales. (AC +3) [demonic ancestry]
  2358 | D:3      | Reached XP level 5. HP: 25/41 MP: 6/6
  2782 | D:3      | Found a snail-covered altar of Cheibriados.
  3090 | D:3      | Reached skill level 5 in Long Blades
  3138 | D:3      | Killed from afar by an orc wizard

Skill      XL: |  1  2  3  4  5 |
---------------+----------------+-----
Long Blades    | 2 3 4 5 |  5.1
Fighting       | |  3.0
Armour         | |  1.7
Dodging        | |  0.8
Invocations    | |  2.4

Action                   |  1- 3 |  4- 6 || total
-------------------------+-------+-------++-------
Melee: Falchion          |   100 |   147 ||   247
       Kick              |    25 |    42 ||    67
Invok: Depart the Abyss  |     1 |       ||     1
  Use: Scroll            |       |     5 ||     5
       Potion            |       |     1 ||     1
  Eat: Chunk             |     2 |     5 ||     7
Armor: Leather armour    |    22 |    42 ||    64
Dodge: Dodged            |    62 |    97 ||   159
       Rpst.: Falchion   |    23 |    25 ||    48
